 Dungeon Crawl Stone Soup version 0.29.0-4-gdea44cf6ec (webtiles) character file.

Game seed: 13783856467906732489

17948 qw the Brawler (level 12, -3/118 HPs)
             Began as a Troll Cinder Acolyte on Sept 1, 2022.
             Was a Follower of Okawaru.
             Slain by a fire elemental (10 damage)
             ... created by the fiery vengeance of Ignis
             ... on level 14 of the Dungeon.
             The game lasted 00:06:04 (8612 turns).

qw the Brawler (Troll Cinder Acolyte)               Turns: 8612, Time: 00:06:04

Health: -3/118     AC:  9    Str: 39    XL:     12   Next: 23%
Magic:  11/13      EV: 10    Int:  9    God:    Okawaru [*.....]
Gold:   679        SH:  0    Dex:  4    Spells: 13/13 levels left

rFire   . . .      SeeInvis .     - Unarmed
rCold   + . .      Faith    .   (no shield)
rNeg    . . .      Spirit   .   k - +0 steam dragon scales
rPois   .          Reflect  .   (helmet restricted)
rElec   .          Harm     .   o - +0 cloak
rCorr   .          Rampage  .   (gloves unavailable)
Will    .....                   (boots unavailable)
Stlth   ++........              g - amulet of the acrobat
HPRegen 1.09/turn               i - +6 ring of strength
MPRegen 0.13/turn               j - ring of protection from cold

@: about to teleport, heroic, slowed, fire susceptible, very slow
A: large, unfitting armour, claws 3, regeneration 1, shaggy fur 1, tough skin 1,
strong 1
a: Renounce Religion, Heroism


You were on level 14 of the Dungeon.
You worshipped Okawaru.
Okawaru was aware of your devotion.
You visited 2 branches of the dungeon, and saw 14 of its levels.
You also visited: Ossuary.

You collected 875 gold pieces.
You spent 196 gold pieces at shops.


Innate Abilities, Weirdness & Mutations

You are too large for most types of armour.
You have claws for hands.
Your natural rate of healing is unusually fast.
You are covered in fur. (AC +1)
You have tough skin. (AC +1)
Your muscles are strong. (Str +4, Int/Dex -1)


   Skills:
 - Level 7.0(12.0) Fighting
 - Level 3.2(8.2) Throwing
 - Level 2.0(7.0) Armour
 - Level 1.3(6.3) Dodging
 + Level 17.5(22.5) Unarmed Combat
 - Level 1.0 Spellcasting
 - Level 2.1 Fire Magic
 + Level 3.2 Invocations


You had 13 spell levels left.
You didn't know any spells.
Your spell library contained the following spells:

 Spells                   Type           Power      Damage    Failure   Level
 Scorch                   Fire           8%         2d5       22%         2

Inventory:

Missiles
 q - 8 boomerangs (quivered)
Armour
 k - +0 steam dragon scales (worn)
 o - a +0 cloak (worn)
Jewellery
 g - an amulet of the acrobat (around neck)
 i - a +6 ring of strength (left claw)
 j - a ring of protection from cold (right claw)
Scrolls
 h - 4 scrolls of identify
Potions
 a - 3 potions of curing
 d - 6 potions of might
 e - a potion of resistance
 l - 2 potions of mutation
 m - 2 potions of haste
 p - a potion of cancellation

Dungeon Overview and Level Annotations

Branches:
Dungeon (15/15)            Temple (1/1) D:5         Ossuary (visited)
   Lair: D:8-11         Orc: D:9-12      Vaults: D:13-14     Depths: D:15

Altars:
Cheibriados
Elyvilon
Fedhas
Gozag
Hepliaklqana
Kikubaaqudgha
Makhleb
Nemelex Xobeh
Okawaru
Sif Muna
Trog
Uskayaw
Vehumet
Yredelemnul
Zin
The Shining One

Shops:
D:15 *(

Annotations:
D:3 2 transporters, qw's ghost, amateur TrCA


Message History

3 fire elementals come into view.
You closely miss the fire elemental. You claw the fire elemental!
The fire elemental is moderately damaged.
The fire elemental closely misses you.
You scratch the fire elemental.
The fire elemental is moderately damaged.
The fire elemental hits you. The fire elemental burns you!
The fire elemental hits you. The fire elemental burns you!
The fire elemental hits you. The fire elemental burns you!
You claw the fire elemental!
The fire elemental is almost destroyed.
The fire elemental closely misses you. The fire elemental barely misses you.
The fire elemental hits you. The fire elemental burns you!
You barely miss the fire elemental.
The fire elemental is almost destroyed.
The fire elemental hits you. The fire elemental burns you!
The fire elemental hits you. The fire elemental burns you!
The fire elemental completely misses you.
You scratch the fire elemental but do no damage.
Your claw misses the fire elemental.
The fire elemental is almost destroyed.
You feel like a meek peon again.
The fire elemental completely misses you.
The fire elemental hits you. The fire elemental burns you!
The fire elemental hits you. The fire elemental burns you!
8611 ||| INVOKING Heroism.
You gain the combat prowess of a mighty hero.
The fire elemental closely misses you. The fire elemental hits you.
The fire elemental burns you! The fire elemental hits you.
The fire elemental burns you! The fire elemental hits you.
The fire elemental burns you! The fire elemental closely misses you.
The fire elemental barely misses you.
8612 ||| READING scroll of teleportation.
As you read the scroll of teleportation, it crumbles to dust.
You feel strangely unstable. The fire elemental barely misses you.
The fire elemental hits you. The fire elemental burns you!
The fire elemental hits you. The fire elemental burns you!
You die...

#........#
#........+
#........#
#........#
#........#
#........#
###...E....#.#
.(....E@E....#
#######.######
#$# #.# #.#
#.. #?# #..


You could see 3 fire elementals.

Vanquished Creatures
  3 hydras (D:9)
  2 boulder beetles
  2 centaur warriors
  A two-headed ogre (D:8)
  Pikel (D:7)
  3 ugly things
  A cyclops (D:15)
  A manticore (D:15)
  Psyche (D:8)
  2 efreet
  2 hornets (D:9)
  A hornet (shapeshifter) (D:15)
  A polar bear (shapeshifter) (D:14)
  A slime creature (D:8)
  13 yaks
  A shadow (D:9)
  A wyvern (D:9)
  An unseen horror simulacrum (D:9)
  Grum (D:8)
  2 basilisks (D:9)
  3 fire elementals (D:10)
  4 steam dragons
  Menkaure (D:5)
  7 vampire mosquitoes
  A water moccasin (D:6)
  2 ice beasts
  4 orc warriors
  2 sky beasts (D:7)
  A black bear (D:5)
  3 wolves (D:8)
  An ogre (D:6)
  4 centaurs
  3 phantoms
  4 kobold brigands
  3 elf zombies (Ossuary)
  2 necrophages
  4 bullfrogs
  A gnoll sergeant (D:9)
  2 scorpions
  4 wights (D:8)
  8 killer bees (D:9)
  3 centaur zombies (Ossuary)
  3 hounds
  5 jellies
  A human zombie (Ossuary)
  11 orc priests
  An iron imp (D:3)
  2 gnoll boudas (D:7)
  Jessica (D:3)
  An iguana (D:6)
  9 orc wizards
  3 mummies (Ossuary)
  18 gnolls
  4 adders
  2 shadow imps (D:7)
  2 white imps
  9 adder zombies (Ossuary)
  3 worms
  2 dart slugs
  27 orcs
  11 endoplasms
  3 giant cockroaches
  6 goblins
  5 hobgoblins
  7 jackals
  6 quokkas
  4 ball pythons
  8 bats
  3 frilled lizards
  A gnoll zombie (Ossuary)
  4 goblin zombies (Ossuary)
  3 hobgoblin zombies (Ossuary)
  A jackal zombie (Ossuary)
  17 kobolds
  4 kobold zombies (Ossuary)
  An orc zombie (Ossuary)
  4 quokka zombies (Ossuary)
  8 rats
  2 rat zombies (Ossuary)
310 creatures vanquished.

Vanquished Creatures (others)
  An orc wizard (D:7)
  A fungus (D:8)
  23 plants (D:5)
  6 toadstools (D:8)
31 creatures vanquished.

Grand Total: 341 creatures vanquished

Notes
Turn   | Place    | Note
-------+----------+-------------------------------------------
     0 | D:1      | qw the Troll Cinder Acolyte began the quest for the Orb.
     0 | D:1      | Reached XP level 1. HP: 22/22 MP: 1/1
     0 | D:1      | 0 ||| qw: Version: 0.1-a-97-g2dd2ca4
     0 | D:1      | 0 ||| qw: Game counter: 4876
     0 | D:1      | 0 ||| qw: Always use a shield: true
     0 | D:1      | 0 ||| qw: God list: Okawaru
     0 | D:1      | 0 ||| qw: Allow faded altars: false
     0 | D:1      | 0 ||| qw: Do Orc after D:15 true
     0 | D:1      | 0 ||| qw: Do second Lair branch before Depths: true
     0 | D:1      | 0 ||| qw: Lair rune preference: random
     0 | D:1      | 0 ||| qw: Plans: Normal
     0 | D:1      | 0 ||| PLANNING D:1-11
   131 | D:1      | Reached XP level 2. HP: 29/29 MP: 2/2
   158 | D:1      | 158 ||| Stepping ~*~*~tactically~*~*~ (outnumbered).
   329 | D:1      | Reached skill level 4 in Unarmed Combat
   529 | D:1      | 529 ||| READING scroll labelled YPSILO KIHE.
   584 | D:2      | Found a hide-covered altar of Uskayaw.
   646 | D:2      | Reached XP level 3. HP: 36/36 MP: 3/3
   695 | D:2      | 695 ||| Stepping ~*~*~tactically~*~*~ (outnumbered).
   696 | D:2      | 696 ||| Stepping ~*~*~tactically~*~*~ (outnumbered).
   697 | D:2      | 697 ||| Stepping ~*~*~tactically~*~*~ (outnumbered).
   698 | D:2      | 698 ||| Stepping ~*~*~tactically~*~*~ (outnumbered).
   699 | D:2      | 699 ||| Stepping ~*~*~tactically~*~*~ (outnumbered).
   726 | D:2      | 726 ||| Stepping ~*~*~tactically~*~*~ (stealth).
   991 | D:2      | Identified the +3 scale mail "Zovun" {rPois}
   992 | D:2      | 992 ||| Stepping ~*~*~tactically~*~*~ (stealth).
  1175 | D:2      | 1175 ||| READING 3 scrolls labelled HIUBLUINKO.
  1176 | D:2      | 1176 ||| READING scroll labelled ZUZOIRR OQOADGHY.
  1177 | D:2      | 1177 ||| READING scroll labelled LARIFA GUOG.
  1178 | D:2      | 1178 ||| DROPPING 2 scrolls of blinking.
  1207 | D:1      | 1207 ||| Stepping randomly (stuck).
  1231 | D:3      | 1231 ||| STAIRDANCE
  1333 | D:3      | 1333 ||| Stepping ~*~*~tactically~*~*~ (outnumbered).
  1334 | D:3      | 1334 ||| Stepping ~*~*~tactically~*~*~ (outnumbered).
  1341 | D:3      | 1341 ||| Stepping ~*~*~tactically~*~*~ (outnumbered).
  1343 | D:3      | 1343 ||| Stepping ~*~*~tactically~*~*~ (outnumbered).
  1344 | D:3      | 1344 ||| Stepping ~*~*~tactically~*~*~ (outnumbered).
  1346 | D:3      | 1346 ||| Stepping ~*~*~tactically~*~*~ (outnumbered).
  1348 | D:3      | 1348 ||| Stepping ~*~*~tactically~*~*~ (outnumbered).
  1350 | D:3      | 1350 ||| Stepping ~*~*~tactically~*~*~ (outnumbered).
  1351 | D:3      | 1351 ||| INVOKING Fiery Armour.
  1352 | D:3      | 1352 ||| Stepping ~*~*~tactically~*~*~ (outnumbered).
  1354 | D:3      | 1354 ||| Stepping ~*~*~tactically~*~*~ (outnumbered).
  1355 | D:3      | HP: 8/36 [orc priest/divine providence (12)]
  1356 | D:3      | Reached XP level 4. HP: 10/44 MP: 4/4
  1357 | D:3      | Reached skill level 5 in Unarmed Combat
  1358 | D:3      | 1358 ||| FLEEEEING.
  1359 | D:3      | 1359 ||| FLEEEEING.
  1360 | D:3      | 1360 ||| FLEEEEING.
  1361 | D:3      | 1361 ||| FLEEEEING.
  1362 | D:3      | 1362 ||| FLEEEEING.
  1363 | D:3      | 1363 ||| FLEEEEING.
  1364 | D:3      | 1364 ||| FLEEEEING.
  1365 | D:3      | 1365 ||| FLEEEEING.
  1366 | D:3      | 1366 ||| FLEEEEING.
  1367 | D:3      | 1367 ||| FLEEEEING.
  1368 | D:3      | 1368 ||| FLEEEEING.
  1369 | D:3      | 1369 ||| FLEEEEING.
  1370 | D:3      | 1370 ||| STAIRDANCE
  1415 | D:3      | 1415 ||| Stepping ~*~*~tactically~*~*~ (outnumbered).
  1417 | D:3      | 1417 ||| Stepping ~*~*~tactically~*~*~ (outnumbered).
  1423 | D:3      | Reached XP level 5. HP: 38/50 MP: 5/5
  1426 | D:3      | Reached skill level 6 in Unarmed Combat
  1429 | D:3      | 1429 ||| FLEEEEING.
  1430 | D:3      | 1430 ||| FLEEEEING.
  1431 | D:3      | 1431 ||| FLEEEEING.
  1517 | D:3      | Noticed qw's ghost (amateur TrCA)
  1524 | D:3      | Found a transporter.
  1538 | D:3      | Found a snail-covered altar of Cheibriados.
  1565 | D:3      | Found a hazy altar of Hepliaklqana.
  1735 | D:3      | Noticed Jessica
  1740 | D:3      | Killed Jessica
  1833 | D:3      | Found a transporter.
  1926 | D:3      | 1926 ||| UPGRADING to +6 ring of strength.
  1927 | D:3      | 1927 ||| DRINKING 2 bubbling purple potions.
  1928 | D:3      | 1928 ||| DROPPING potion of flight.
  1946 | D:4      | 1946 ||| PLANNING OSSUARY
  2102 | D:4      | Found an opulent altar of Gozag.
  2110 | D:4      | Noticed a phantom
  2132 | D:4      | Killed a phantom
  2133 | D:4      | Reached skill level 7 in Unarmed Combat
  2133 | D:4      | Reached XP level 6. HP: 52/59 MP: 6/6
  2166 | D:4      | Found a sand-covered staircase.
  2167 | D:4      | 2167 ||| READING scroll labelled BESISE QI NIDGH.
  2172 | D:4      | 2172 ||| READING scroll labelled OWAJOQ GE LIFF.
  2273 | D:4      | 2273 ||| DRINKING 2 coppery potions.
  2274 | D:4      | 2274 ||| DRINKING 2 glowing pink potions.
  2275 | D:4      | 2275 ||| READING 2 scrolls of identify.
  2275 | D:4      | 2275 ||| IDENTIFYING smoky cyan potion
  2276 | D:4      | 2276 ||| DROPPING potion of attraction.
  2325 | Ossuary  | Entered an ossuary
  2465 | Ossuary  | 2465 ||| Stepping ~*~*~tactically~*~*~ (outnumbered).
  2478 | Ossuary  | Reached skill level 8 in Unarmed Combat
  2486 | Ossuary  | Reached skill level 3 in Fighting
  2486 | Ossuary  | Reached XP level 7. HP: 63/67 MP: 7/7
  2603 | Ossuary  | 2603 ||| Stepping ~*~*~tactically~*~*~ (stealth).
  2633 | Ossuary  | 2633 ||| Stepping ~*~*~tactically~*~*~ (stealth).
  2691 | Ossuary  | 2691 ||| Stepping ~*~*~tactically~*~*~ (outnumbered).
  2692 | Ossuary  | 2692 ||| Stepping ~*~*~tactically~*~*~ (outnumbered).
  2694 | Ossuary  | 2694 ||| Stepping ~*~*~tactically~*~*~ (outnumbered).
  2695 | Ossuary  | 2695 ||| Stepping ~*~*~tactically~*~*~ (outnumbered).
  2696 | Ossuary  | 2696 ||| Stepping ~*~*~tactically~*~*~ (outnumbered).
  2732 | Ossuary  | 2732 ||| READING scroll labelled GIPSIM FUR HUAGY.
  2733 | Ossuary  | 2733 ||| DRINKING 2 brown potions.
  2838 | Ossuary  | 2838 ||| READING 3 scrolls of identify.
  2838 | Ossuary  | 2838 ||| IDENTIFYING smoky pink potion
  2839 | Ossuary  | 2839 ||| READING 2 scrolls of identify.
  2839 | Ossuary  | 2839 ||| IDENTIFYING smoky yellow potion
  2840 | Ossuary  | 2840 ||| DROPPING potion of berserk rage.
  2851 | D:4      | 2851 ||| PLANNING D:1-11
  3088 | D:4      | 3088 ||| UPGRADING to ring of protection from cold.
  3103 | D:5      | Entered Level 5 of the Dungeon
  3153 | D:5      | Reached skill level 9 in Unarmed Combat
  3307 | D:5      | 3307 ||| Stepping ~*~*~tactically~*~*~ (stealth).
  3310 | D:5      | 3310 ||| Stepping ~*~*~tactically~*~*~ (hiding).
  3312 | D:5      | 3312 ||| Stepping ~*~*~tactically~*~*~ (hiding).
  3337 | D:5      | 3337 ||| Stepping ~*~*~tactically~*~*~ (hiding).
  3341 | D:5      | 3341 ||| Stepping ~*~*~tactically~*~*~ (stealth).
  3361 | D:5      | Reached skill level 1 in Dodging
  3492 | D:5      | Noticed Menkaure
  3495 | D:5      | Found a staircase to the Ecumenical Temple.
  3498 | D:5      | HP: 15/67 [Menkaure (21)]
  3499 | D:5      | 3499 ||| READING scroll of teleportation.
  3500 | D:5      | 3500 ||| DRINKING potion of heal wounds.
  3501 | D:5      | Killed Menkaure
  3502 | D:5      | Reached XP level 8. HP: 53/75 MP: 8/8
  3717 | D:5      | 3717 ||| READING scroll labelled OLIKLO LAIQOMUY.
  3718 | D:5      | 3718 ||| READING 2 scrolls of identify.
  3718 | D:5      | 3718 ||| IDENTIFYING ruby potion
  3719 | D:5      | 3719 ||| DROPPING potion of lignification.
  3720 | D:5      | 3720 ||| Stepping randomly (stuck).
  3721 | D:5      | 3721 ||| Stepping ~*~*~tactically~*~*~ (cloud).
  3859 | D:6      | Reached skill level 10 in Unarmed Combat
  4009 | D:6      | 4009 ||| Stepping ~*~*~tactically~*~*~ (stealth).
  4012 | D:6      | 4012 ||| DRINKING potion of curing.
  4012 | D:6      | 4012 ||| (to cure confusion)
  4014 | D:6      | 4014 ||| INVOKING Fiery Armour.
  4021 | D:6      | 4021 ||| Stepping ~*~*~tactically~*~*~ (outnumbered).
  4022 | D:6      | 4022 ||| Stepping ~*~*~tactically~*~*~ (outnumbered).
  4023 | D:6      | 4023 ||| Stepping ~*~*~tactically~*~*~ (outnumbered).
  4024 | D:6      | 4024 ||| Stepping ~*~*~tactically~*~*~ (outnumbered).
  4025 | D:6      | 4025 ||| Stepping ~*~*~tactically~*~*~ (outnumbered).
  4026 | D:6      | 4026 ||| Stepping ~*~*~tactically~*~*~ (outnumbered).
  4030 | D:6      | 4030 ||| Stepping ~*~*~tactically~*~*~ (outnumbered).
  4032 | D:6      | 4032 ||| Stepping ~*~*~tactically~*~*~ (outnumbered).
  4033 | D:6      | 4033 ||| Stepping ~*~*~tactically~*~*~ (outnumbered).
  4034 | D:6      | 4034 ||| Stepping ~*~*~tactically~*~*~ (outnumbered).
  4187 | D:6      | 4187 ||| UPGRADING to +0 steam dragon scales.
  4197 | D:6      | 4197 ||| INVOKING Fiery Armour.
  4197 | D:6      | HP: 19/78 [ogre/+0 giant club (11)]
  4198 | D:6      | 4198 ||| READING 2 scrolls of teleportation.
  4200 | D:6      | Reached skill level 1 in Armour
  4200 | D:6      | Reached XP level 9. HP: 13/84 MP: 9/9
  4268 | D:6      | 4268 ||| DROPPING +0 robe.
  4269 | D:6      | 4269 ||| UPGRADING to +0 cloak.
  4330 | D:6      | Reached skill level 11 in Unarmed Combat
  4407 | D:6      | 4407 ||| READING 3 scrolls labelled KOWKYRE ONNER.
  4408 | D:6      | 4408 ||| DROPPING 2 scrolls of butterflies.
  4489 | D:7      | 4489 ||| Stepping ~*~*~tactically~*~*~ (hiding).
  4493 | D:7      | 4493 ||| Stepping ~*~*~tactically~*~*~ (stealth).
  4605 | D:7      | 4605 ||| Stepping ~*~*~tactically~*~*~ (stealth).
  4606 | D:7      | 4606 ||| INVOKING Fiery Armour.
  4607 | D:7      | 4607 ||| Stepping ~*~*~tactically~*~*~ (outnumbered).
  4608 | D:7      | 4608 ||| Stepping ~*~*~tactically~*~*~ (hiding).
  4615 | D:7      | 4615 ||| Stepping ~*~*~tactically~*~*~ (outnumbered).
  4616 | D:7      | 4616 ||| Stepping ~*~*~tactically~*~*~ (outnumbered).
  4617 | D:7      | 4617 ||| Stepping ~*~*~tactically~*~*~ (outnumbered).
  4644 | D:7      | Identified the +0 helmet of Inaction {Str+2 Dex+4 Stlth+}
  4655 | D:7      | 4655 ||| Stepping ~*~*~tactically~*~*~ (stealth).
  4664 | D:7      | 4664 ||| Stepping ~*~*~tactically~*~*~ (stealth).
  4684 | D:7      | 4684 ||| Stepping ~*~*~tactically~*~*~ (stealth).
  4697 | D:7      | 4697 ||| Stepping ~*~*~tactically~*~*~ (stealth).
  4704 | D:7      | 4704 ||| Stepping ~*~*~tactically~*~*~ (hiding).
  4705 | D:7      | Noticed a purple ugly thing
  4708 | D:7      | 4708 ||| Stepping ~*~*~tactically~*~*~ (outnumbered).
  4710 | D:7      | 4710 ||| Stepping ~*~*~tactically~*~*~ (outnumbered).
  4717 | D:7      | Killed a purple ugly thing
  4718 | D:7      | Reached skill level 12 in Unarmed Combat
  4748 | D:7      | 4748 ||| Stepping ~*~*~tactically~*~*~ (hiding).
  4800 | D:7      | Found a burning altar of Makhleb.
  4848 | D:7      | 4848 ||| Stepping ~*~*~tactically~*~*~ (hiding).
  4857 | D:7      | 4857 ||| Stepping ~*~*~tactically~*~*~ (outnumbered).
  4863 | D:7      | 4863 ||| Stepping ~*~*~tactically~*~*~ (outnumbered).
  4882 | D:7      | 4882 ||| INVOKING Fiery Armour.
  5189 | D:7      | Noticed Pikel
  5197 | D:7      | Killed Pikel
  5198 | D:7      | Reached skill level 13 in Unarmed Combat
  5198 | D:7      | Reached XP level 10. HP: 80/96 MP: 10/10
  5318 | D:7      | 5318 ||| DRINKING 2 cyan potions.
  5319 | D:7      | 5319 ||| DRINKING 2 sapphire potions.
  5420 | D:7      | 5420 ||| DROPPING potion of brilliance.
  5421 | D:7      | 5421 ||| DROPPING potion of ambrosia.
  5469 | D:8      | 5469 ||| Stepping ~*~*~tactically~*~*~ (hiding).
  5609 | D:8      | 5609 ||| Stepping ~*~*~tactically~*~*~ (stealth).
  5612 | D:8      | Noticed Grum
  5613 | D:8      | 5613 ||| INVOKING Fiery Armour.
  5627 | D:8      | 5627 ||| Stepping ~*~*~tactically~*~*~ (outnumbered).
  5635 | D:8      | Killed Grum
  5716 | D:8      | 5716 ||| FLEEEEING.
  5720 | D:8      | 5720 ||| Stepping ~*~*~tactically~*~*~ (outnumbered).
  5721 | D:8      | 5721 ||| Stepping ~*~*~tactically~*~*~ (outnumbered).
  5747 | D:8      | 5747 ||| Stepping ~*~*~tactically~*~*~ (outnumbered).
  5748 | D:8      | 5748 ||| Stepping ~*~*~tactically~*~*~ (outnumbered).
  5796 | D:8      | 5796 ||| INVOKING Fiery Armour.
  5804 | D:8      | 5804 ||| Stepping ~*~*~tactically~*~*~ (outnumbered).
  5905 | D:8      | Reached skill level 14 in Unarmed Combat
  6128 | D:8      | Noticed a two-headed ogre
  6134 | D:8      | Killed a two-headed ogre
  6135 | D:8      | Reached skill level 6 in Fighting
  6135 | D:8      | 6135 ||| FLEEEEING.
  6136 | D:8      | 6136 ||| FLEEEEING.
  6137 | D:8      | 6137 ||| FLEEEEING.
  6138 | D:8      | 6138 ||| FLEEEEING.
  6139 | D:8      | 6139 ||| FLEEEEING.
  6141 | D:8      | 6141 ||| FLEEEEING.
  6142 | D:8      | 6142 ||| FLEEEEING.
  6143 | D:8      | 6143 ||| FLEEEEING.
  6144 | D:8      | 6144 ||| FLEEEEING.
  6145 | D:8      | 6145 ||| FLEEEEING.
  6146 | D:8      | 6146 ||| FLEEEEING.
  6147 | D:8      | 6147 ||| FLEEEEING.
  6148 | D:8      | 6148 ||| FLEEEEING.
  6149 | D:8      | 6149 ||| FLEEEEING.
  6153 | D:8      | 6153 ||| FLEEEEING.
  6154 | D:8      | 6154 ||| FLEEEEING.
  6155 | D:8      | 6155 ||| FLEEEEING.
  6252 | D:8      | Noticed Psyche
  6269 | D:8      | Killed Psyche
  6322 | D:8      | 6322 ||| READING scroll labelled WAAFAUDWAKH.
  6323 | D:8      | 6323 ||| READING scroll labelled OGUEMI ICKOFISK.
  6324 | D:8      | 6324 ||| DRINKING 2 lumpy blue potions.
  6324 | D:8      | Gained mutation: Your muscles are strong. (Str +4, Int/Dex
                  | -1) [potion of mutation]
  6368 | D:9      | Found an ancient bone altar of Kikubaaqudgha.
  6374 | D:9      | Found a flagged portal.
  6520 | D:9      | 6520 ||| Stepping ~*~*~tactically~*~*~ (stealth).
  6534 | D:9      | 6534 ||| Stepping ~*~*~tactically~*~*~ (outnumbered).
  6539 | D:9      | Reached skill level 15 in Unarmed Combat
  6539 | D:9      | Reached XP level 11. HP: 57/105 MP: 11/11
  6541 | D:9      | 6541 ||| INVOKING Fiery Armour.
  6639 | D:9      | Noticed a four-headed hydra
  6640 | D:9      | 6640 ||| Stepping ~*~*~tactically~*~*~ (stealth).
  6642 | D:9      | Noticed a boulder beetle
  6643 | D:9      | 6643 ||| Stepping ~*~*~tactically~*~*~ (hiding).
  6649 | D:9      | Noticed a centaur warrior
  6649 | D:9      | Noticed an eight-headed hydra
  6652 | D:9      | Noticed a six-headed hydra
  6652 | D:9      | Killed a six-headed hydra
  6654 | D:9      | Noticed a green ugly thing
  6657 | D:9      | Killed a centaur warrior
  6659 | D:9      | 6659 ||| Stepping ~*~*~tactically~*~*~ (outnumbered).
  6662 | D:9      | 6662 ||| Stepping ~*~*~tactically~*~*~ (outnumbered).
  6663 | D:9      | Killed a ten-headed hydra
  6664 | D:9      | Reached skill level 16 in Unarmed Combat
  6667 | D:9      | 6667 ||| Stepping ~*~*~tactically~*~*~ (outnumbered).
  6668 | D:9      | 6668 ||| INVOKING Fiery Armour.
  6668 | D:9      | HP: 26/105 [six-headed hydra (2)]
  6668 | D:9      | Killed a six-headed hydra
  6669 | D:9      | 6669 ||| READING scroll of teleportation.
  6670 | D:9      | 6670 ||| DRINKING 2 potions of heal wounds.
  6673 | D:9      | HP: 25/107 [poisoned by a green ugly thing]
  6678 | D:9      | HP: 16/107 [poisoned by a green ugly thing]
  6683 | D:9      | HP: 15/107 [poisoned by a green ugly thing]
  6782 | D:9      | Found a basalt altar of Yredelemnul.
  6795 | D:9      | 6795 ||| Stepping ~*~*~tactically~*~*~ (stealth).
  6830 | D:9      | 6830 ||| Stepping ~*~*~tactically~*~*~ (stealth).
  6833 | D:9      | 6833 ||| Stepping ~*~*~tactically~*~*~ (stealth).
  6834 | D:9      | 6834 ||| Stepping ~*~*~tactically~*~*~ (hiding).
  6842 | D:9      | 6842 ||| Stepping ~*~*~tactically~*~*~ (hiding).
  6885 | D:9      | 6885 ||| INVOKING Fiery Armour.
  6890 | D:9      | Killed a boulder beetle
  6994 | D:9      | 6994 ||| Stepping ~*~*~tactically~*~*~ (hiding).
  6995 | D:9      | 6995 ||| Stepping ~*~*~tactically~*~*~ (hiding).
  7042 | D:9      | 7042 ||| Stepping ~*~*~tactically~*~*~ (stealth).
  7089 | D:9      | 7089 ||| Stepping ~*~*~tactically~*~*~ (stealth).
  7099 | D:9      | 7099 ||| INVOKING Fiery Armour.
  7102 | D:9      | HP: 27/109 [poisoned by a killer bee]
  7103 | D:9      | 7103 ||| DRINKING potion of heal wounds.
  7107 | D:9      | HP: 17/109 [poisoned by a killer bee]
  7112 | D:9      | HP: 12/109 [poisoned by a killer bee]
  7117 | D:9      | 7117 ||| FLEEEEING.
  7134 | D:9      | 7134 ||| FLEEEEING.
  7135 | D:9      | 7135 ||| FLEEEEING.
  7136 | D:9      | 7136 ||| FLEEEEING.
  7137 | D:9      | 7137 ||| FLEEEEING.
  7138 | D:9      | 7138 ||| FLEEEEING.
  7237 | D:9      | 7237 ||| INVOKING Fiery Armour.
  7239 | D:9      | HP: 27/109 [efreet/fireball (12)]
  7387 | D:9      | Noticed a white ugly thing
  7401 | D:9      | Killed a white ugly thing
  7406 | D:9      | Killed a green ugly thing
  7429 | D:9      | 7429 ||| Stepping ~*~*~tactically~*~*~ (stealth).
  7435 | D:9      | Reached skill level 17 in Unarmed Combat
  7619 | D:9      | 7619 ||| PLANNING TEMPLE
  7619 | D:9      | 7619 ||| UPGRADING to amulet of the acrobat.
  7624 | D:9      | 7624 ||| DROPPING ring of magical power.
  7625 | D:9      | 7625 ||| READING 5 scrolls of identify.
  7625 | D:9      | 7625 ||| IDENTIFYING golden potion
  7626 | D:9      | 7626 ||| READING 4 scrolls of identify.
  7626 | D:9      | 7626 ||| IDENTIFYING red potion
  7627 | D:9      | 7627 ||| READING 3 scrolls of identify.
  7627 | D:9      | 7627 ||| IDENTIFYING pink potion
  7628 | D:9      | 7628 ||| DROPPING potion of invisibility.
  7742 | Temple   | Entered the Ecumenical Temple
  7763 | Temple   | 7763 ||| PLANNING CONVERSION TO OKAWARU
  7770 | Temple   | Fell from the grace of Ignis
  7770 | Temple   | Became a worshipper of Warmaster Okawaru
  7771 | Temple   | 7771 ||| PLANNING D:1-11
  7877 | D:10     | Entered Level 10 of the Dungeon
  7919 | D:10     | Found a blossoming altar of Fedhas.
  7938 | D:10     | 7938 ||| Stepping ~*~*~tactically~*~*~ (hiding).
  7952 | D:10     | 7952 ||| Stepping ~*~*~tactically~*~*~ (stealth).
  7981 | D:10     | 7981 ||| Stepping ~*~*~tactically~*~*~ (stealth).
  7988 | D:10     | 7988 ||| Stepping ~*~*~tactically~*~*~ (stealth).
  8053 | D:10     | You fall into a shaft and drop 3 floors!
  8060 | D:13     | Noticed a boulder beetle
  8066 | D:13     | Killed a boulder beetle
  8066 | D:13     | Reached * piety under Okawaru
  8134 | D:13     | 8134 ||| Stepping ~*~*~tactically~*~*~ (stealth).
  8136 | D:13     | 8136 ||| Stepping ~*~*~tactically~*~*~ (stealth).
  8141 | D:13     | Reached XP level 12. HP: 112/118 MP: 12/12
  8156 | D:13     | Reached skill level 1 in Invocations
  8170 | D:13     | You fall into a shaft and drop 2 floors!
  8170 | D:15     | Entered Level 15 of the Dungeon
  8180 | D:15     | Found Woextato's General Store.
  8182 | D:15     | Found Bomazetz's Antique Weapon Boutique.
  8188 | D:15     | 8188 ||| BUYING potion of haste (140 gold).
  8188 | D:15     | Bought a potion of haste for 140 gold pieces
  8188 | D:15     | 8188 ||| BUYING scroll of identify (28 gold).
  8188 | D:15     | Bought a scroll of identify for 28 gold pieces
  8188 | D:15     | 8188 ||| BUYING scroll of identify (28 gold).
  8188 | D:15     | Bought a scroll of identify for 28 gold pieces
  8198 | D:15     | 8198 ||| INVOKING Heroism.
  8263 | D:15     | 8263 ||| Stepping ~*~*~tactically~*~*~ (stealth).
  8267 | D:15     | 8267 ||| INVOKING Heroism.
  8426 | D:15     | Noticed a centaur warrior
  8427 | D:15     | 8427 ||| Stepping ~*~*~tactically~*~*~ (hiding).
  8428 | D:15     | 8428 ||| INVOKING Heroism.
  8435 | D:15     | Killed a centaur warrior
  8437 | D:15     | 8437 ||| Stepping ~*~*~tactically~*~*~ (hiding).
  8439 | D:15     | 8439 ||| INVOKING Heroism.
  8440 | D:15     | HP: 29/118 [manticore (8)]
  8443 | D:15     | Reached skill level 3 in Throwing
  8576 | D:15     | Reached skill level 3 in Invocations
  8596 | D:14     | 8596 ||| INVOKING Heroism.
  8611 | D:14     | 8611 ||| INVOKING Heroism.
  8611 | D:14     | HP: 23/118 [fire elemental[the fiery vengeance of Ignis]
                  | (11)]
  8612 | D:14     | 8612 ||| READING scroll of teleportation.
  8612 | D:14     | HP: 7/118 [fire elemental[the fiery vengeance of Ignis]
                  | (7)]
  8612 | D:14     | Slain by a fire elemental

Levels and vault maps discovered:
D:1:      spicycebolla_arrival_ecumenical, layout_rooms
D:2:      layout_basic, basic_altar
D:3:      layout_basic, slow_altar_1, amcnicky_altar_gilded,
          gammafunk_ghost_stat_death, amcnicky_mini_pool_small,
          hangedman_decor_opposing, uniq_jessica
D:4:      layout_gridville, nicolae_gozag_seed_capital, enter_ossuary_3
D:5:      layout_rooms, minmay_temple_entry_statues_fountains,
          hangedman_decor_clover_reticule, kennysheep_boxes, uniq_menkaure
D:6:      layout_cave_pools, mumra_transporter_accident, nrook_loot_triangle
D:7:      layout_loops_ring, mainiacjoe_overflow_alcove_2, uniq_pikel
D:8:      cheibrodos_fertilizer, layout_basic, uniq_psyche, uniq_grum
D:9:      minmay_the_grid_four_pointed_star
          [minmay_the_grid_triangle_9x9_limited_checkers,
          minmay_the_grid_triangle_9x9_flanged_cone,
          minmay_the_grid_triangle_9x9_warning,
          minmay_the_grid_triangle_9x9_dagger,
          minmay_the_grid_prize_four_corners], layout_basic,
          lemuel_crystal_altar, lemuel_crystal_altar, enter_bailey_5
D:10:     layout_long_grid, fedhas_altar_3, grunt_ashenzari_visionary
          [grunt_ashenzari_visionary_swamp, grunt_ashenzari_visionary_spider],
          lair_entry_dummy, david_orc_2, kennysheep_cluttered_room,
          minmay_beelzebubs_servants, uniq_snorg
D:13:     layout_roguey, skrybe_vaults_entry_preservation, special_room
          [special_room_bee], serial_shops, shop_statue
D:14:     lemuel_ice_spiral_2, layout_basic, uniq_azrael, uniq_louise
D:15:     grunt_enter_depths_magical_seal, layout_irregular_city, serial_shops,
          nicolae_shop_advertising_works [nicolae_subvault_shop_adworks],
          nicolae_shop_bloodbath_and_beyond, shop, nicolae_shop_trees, shop,
          grunt_dithmenos_smoke, enter_trove_3
Temple:   compressed_dpeg_circular_temple

Skill      XL: |  1  2  3  4  5  6  7  8  9 10 11 12 |
---------------+-------------------------------------+-----
Unarmed Combat | 4 5 7 8 9 10 13 15 17 | 17.5
Fighting       | 3 4 5 6 7 |  7.0
Dodging        | 1 |  1.3
Throwing       | 2 3 |  3.2
Armour         | 1 2 |  2.0
Invocations    | 3 |  3.2
Spellcasting   | |  1.0
Fire Magic     | |  2.1

Action                   |  1- 3 |  4- 6 |  7- 9 | 10-12 || total
-------------------------+-------+-------+-------+-------++-------
Melee: Unarmed           |   125 |    95 |   275 |   309 ||   804
       Punch             |     2 |     1 |     9 |    17 ||    29
Throw: Boomerang         |       |       |    29 |    76 ||   105
       Large rock        |       |       |       |     2 ||     2
Invok: Fiery Armour      |     1 |       |     4 |     7 ||    12
       Heroism           |       |       |       |     6 ||     6
  Use: Scroll            |     4 |     3 |     8 |     7 ||    22
       Potion            |       |     3 |     3 |     5 ||    11
Armor: Robe              |    50 |    21 |    52 |       ||   123
       Steam dragon scal |       |       |    36 |   130 ||   166
Dodge: Dodged            |    46 |    18 |    96 |   142 ||   302

Table legend:
 A = Non-vault XP
 B = Vault XP
 C = Vault XP percentage of total XP
 D = Non-vault monster count
 E = Vault monster count
 F = Vault count percentage of total count
                 A         B        C        D         E       F
            +---------+---------+-------+---------+---------+-------
      Total |   14950 |   10690 |  41.7 |     223 |      85 |  27.6
            +---------+---------+-------+---------+---------+-------
        D:1 |      34 |       0 |   0.0 |      23 |       0 |   0.0
        D:2 |      49 |       0 |   0.0 |      20 |       0 |   0.0
        D:3 |     170 |      77 |  31.2 |      19 |       2 |   9.5
        D:4 |     216 |       0 |   0.0 |       7 |       0 |   0.0
        D:5 |     387 |     172 |  30.8 |      17 |       1 |   5.6
        D:6 |    1216 |       0 |   0.0 |      23 |       0 |   0.0
        D:7 |    1976 |     673 |  25.4 |      33 |       1 |   2.9
        D:8 |    2636 |    1548 |  37.0 |      25 |      19 |  43.2
        D:9 |    2536 |    7613 |  75.0 |      34 |      23 |  40.4
       D:10 |     836 |       0 |   0.0 |       8 |       0 |   0.0
       D:13 |    1574 |       0 |   0.0 |       5 |       0 |   0.0
       D:14 |     284 |       0 |   0.0 |       1 |       0 |   0.0
       D:15 |    3036 |       0 |   0.0 |       8 |       0 |   0.0
    Ossuary |       0 |     607 | 100.0 |       0 |      39 | 100.0
            +---------+---------+-------+---------+---------+-------
